General information
- name: BNet
- type: Ladder team game (AT/RT)
- host: Battle.net
- saver: dirtmcwordup
map: Avalanche
- players: 4
- length: 21:45
- speed: Fast
- version: 1.21 W3XP
- replay type:

» download(148 KB)
Players
team 1 (winner)

»
dirtmcwordup (
orange | 108 APM | 2353 actions | 21:45)
6 Archmage
3 Summon Water Elemental
2 Brilliance Aura
1 Mass Teleport
5 Mountain King
3 Storm Bolt
2 Bash
» actions
| Assign group hotkey | 47 | |
| Basic commands | 120 | |
| Build / train | 114 | |
| ESC pressed | 4 | |
| Enter build submenu | 45 | |
| Enter hero's abilities submenu | 11 | |
| Give item / drop item | 1 | |
| Right click | 945 | |
| Select / deselect | 341 | |
| Select group hotkey | 611 | |
| Use ability | 114 | |
2353 total
» units
| Peasant | 33 | |
| Footman | 14 | |
| Sorceress | 3 | |
| Priest | 2 | |
| Rifleman | 9 | |
| Mortar Team | 5 | |
66 total
» upgrades
| Magic Sentry | 1 | |
| Lumber Harvesting | 1 | |
| Gunpowder | 1 | |
| Fragmentation Shards | 1 | |
| Flare | 1 | |
| Armor | 1 | |
| Long Rifles | 1 | |
7 total
» buildings
| Altar of Kings | 1 | |
| Barracks | 1 | |
| Farm | 9 | |
| Lumber Mill | 1 | |
| Scout Tower | 24 | |
| Arcane Tower | 1 | |
| Town Hall | 1 | |
| Guard Tower | 13 | |
| Keep | 2 | |
| Arcane Sanctum | 2 | |
| Blacksmith | 1 | |
| Arcane Vault | 2 | |
| Workshop | 2 | |
| Castle | 1 | |
61 total
» build order
00:09 Altar of Kings
00:14 Barracks
00:30 Farm
01:06 Farm
02:21 Farm
02:51 Lumber Mill
03:11 Scout Tower
03:43 Arcane Tower
04:28 Farm
04:57 Town Hall
05:03 Scout Tower
05:04 Scout Tower
05:06 Scout Tower
05:10 Scout Tower
05:11 Scout Tower
05:20 Scout Tower
05:34 Guard Tower
05:36 Guard Tower
05:51 Guard Tower
05:53 Keep
05:54 Keep
06:29 Guard Tower
07:29 Scout Tower
07:30 Scout Tower
07:31 Scout Tower
08:03 Guard Tower
08:17 Arcane Sanctum
09:16 Scout Tower
09:16 Scout Tower
09:27 Arcane Sanctum
09:44 Guard Tower
10:18 Guard Tower
11:17 Blacksmith
11:50 Scout Tower
12:20 Scout Tower
12:21 Scout Tower
12:28 Scout Tower
12:36 Guard Tower
13:02 Guard Tower
13:04 Arcane Vault
13:14 Workshop
13:16 Workshop
13:19 Farm
13:20 Farm
13:49 Arcane Vault
14:02 Scout Tower
14:02 Scout Tower
14:24 Castle
14:58 Scout Tower
15:30 Scout Tower
16:21 Guard Tower
17:49 Farm
17:49 Farm
17:50 Farm
17:54 Scout Tower
17:55 Scout Tower
17:58 Guard Tower
18:02 Scout Tower
18:04 Scout Tower
18:48 Guard Tower
19:18 Guard Tower
» items
| Scroll of Town Portal | 3 | |
| Scroll of Regeneration | 3 | |
| Potion of Healing | 3 | |
| Orb of Fire | 1 | |
| Staff of Sanctuary | 1 | |
11 total

»
iggy_the_fisk (
blue | 107 APM | 2330 actions | 21:44)
4 Archmage
2 Summon Water Elemental
2 Brilliance Aura
2 Mountain King
1 Storm Bolt
1 Bash
» actions
| Assign group hotkey | 80 | |
| Basic commands | 49 | |
| Build / train | 99 | |
| Enter build submenu | 21 | |
| Enter hero's abilities submenu | 7 | |
| Right click | 1376 | |
| Select / deselect | 507 | |
| Select group hotkey | 105 | |
| Use ability | 86 | |
2330 total
» units
| Peasant | 8 | |
| Footman | 11 | |
| Sorceress | 16 | |
| Priest | 15 | |
| Knight | 6 | |
| Mortar Team | 7 | |
| Spell Breaker | 2 | |
| Flying Machine | 1 | |
66 total
» upgrades
| Sorceress Training | 2 | |
| Gunpowder | 1 | |
| Animal War Training | 1 | |
| Fragmentation Shards | 1 | |
| Swords | 1 | |
| Plating | 1 | |
7 total
» buildings
| Altar of Kings | 1 | |
| Barracks | 1 | |
| Farm | 9 | |
| Arcane Vault | 1 | |
| Scout Tower | 1 | |
| Keep | 5 | |
| Arcane Tower | 1 | |
| Arcane Sanctum | 2 | |
| Castle | 1 | |
| Blacksmith | 1 | |
| Workshop | 2 | |
| Lumber Mill | 1 | |
26 total
» build order
00:07 Altar of Kings
00:19 Barracks
00:26 Farm
01:05 Farm
01:44 Farm
02:17 Arcane Vault
02:22 Scout Tower
03:07 Keep
03:08 Keep
03:08 Keep
03:08 Keep
03:52 Arcane Tower
04:27 Farm
05:30 Arcane Sanctum
05:33 Arcane Sanctum
05:38 Farm
05:58 Farm
11:29 Castle
11:53 Blacksmith
13:36 Workshop
13:50 Workshop
13:55 Lumber Mill
13:56 Farm
13:56 Farm
18:12 Farm
» items
| Scroll of Regeneration | 4 | |
| Scroll of Town Portal | 3 | |
| Staff of Sanctuary | 2 | |
| Potion of Healing | 2 | |
11 total
team 2 (loser)
Xing138 (
yellow | 177 APM | 3853 actions | 21:44)
5 Demon Hunter
3 Mana Burn
2 Evasion
3 Pandaren Brewmaster
2 Breath of Fire
1 Drunken Haze
» actions
| Assign group hotkey | 94 | |
| Basic commands | 156 | |
| Build / train | 94 | |
| ESC pressed | 1 | |
| Enter build submenu | 15 | |
| Enter hero's abilities submenu | 9 | |
| Give item / drop item | 1 | |
| Remove unit from queue | 9 | |
| Right click | 1289 | |
| Select / deselect | 1159 | |
| Select group hotkey | 879 | |
| Use ability | 144 | |
3853 total
» units
| Wisp | 19 | |
| Huntress | 8 | |
| Dryad | 22 | |
| Druid of the Claw | 6 | |
55 total
» upgrades
| Abolish Magic | 1 | |
| Druid of the Claw Training | 2 | |
3 total
» buildings
| Altar of Elders | 1 | |
| Moon Well | 5 | |
| Ancient of War | 3 | |
| Hunter's Hall | 1 | |
| Tree of Ages | 2 | |
| Ancient of Wonders | 1 | |
| Ancient Protector | 1 | |
| Ancient of Lore | 2 | |
| Tree of Eternity | 2 | |
| Tree of Life | 1 | |
19 total
» build order
00:08 Altar of Elders
00:21 Moon Well
01:54 Ancient of War
01:56 Hunter's Hall
02:00 Moon Well
02:37 Ancient of War
03:56 Tree of Ages
03:56 Tree of Ages
04:09 Moon Well
05:10 Moon Well
05:47 Ancient of Wonders
05:51 Ancient Protector
07:16 Ancient of War
07:36 Ancient of Lore
07:38 Ancient of Lore
09:49 Tree of Eternity
09:49 Tree of Eternity
16:01 Moon Well
19:15 Tree of Life
» items
| Potion of Healing | 4 | |
| Staff of Preservation | 1 | |
| Scroll of Town Portal | 1 | |
| Lesser Clarity Potion | 1 | |
7 total
XingX (
pink | 81 APM | 1761 actions | 21:41)
6 Blademaster
1 Wind Walk
3 Critical Strike
1 Mirror Image
1 Bladestorm
4 Shadow Hunter
2 Hex
2 Healing Wave
» actions
| Assign group hotkey | 56 | |
| Basic commands | 206 | |
| Build / train | 82 | |
| ESC pressed | 4 | |
| Enter build submenu | 13 | |
| Enter hero's abilities submenu | 11 | |
| Give item / drop item | 1 | |
| Remove unit from queue | 4 | |
| Right click | 477 | |
| Select / deselect | 321 | |
| Select group hotkey | 448 | |
| Use ability | 138 | |
1761 total
» units
| Peon | 5 | |
| Grunt | 24 | |
| Raider | 12 | |
| Spirit Walker | 6 | |
| Kodo Beast | 1 | |
| Shaman | 1 | |
49 total
» upgrades
| Berserker Strength | 1 | |
| Ensnare | 1 | |
| Spirit Walker Training | 2 | |
| Pillage | 1 | |
5 total
» buildings
| Altar of Storms | 1 | |
| Orc Burrow | 6 | |
| Barracks | 1 | |
| Voodoo Lounge | 1 | |
| Stronghold | 1 | |
| War Mill | 1 | |
| Watch Tower | 1 | |
| Beastiary | 1 | |
| Spirit Lodge | 1 | |
14 total
» build order
00:06 Altar of Storms
00:17 Orc Burrow
00:38 Barracks
01:26 Orc Burrow
02:22 Voodoo Lounge
03:04 Stronghold
03:10 Orc Burrow
03:50 War Mill
05:06 Watch Tower
05:58 Beastiary
06:03 Spirit Lodge
06:15 Orc Burrow
10:06 Orc Burrow
14:01 Orc Burrow
» items
| Potion of Healing | 3 | |
| Potion of Mana | 2 | |
| Scroll of Speed | 3 | |
| Healing Salve | 2 | |
10 total
Chat log
(00:20 / All) dirtmcwordup: gl hf